 Dungeon Crawl Stone Soup version 0.29-a0-384-g6960b1960d (webtiles) character file.

Game seed: 2978269601754325852

6434 ytrimaz the Protected (level 10, -8/77 HPs)
             Began as a Demonspawn Gladiator on May 6, 2022.
             Was an Initiate of Yredelemnul.
             Mangled by a troll (10 damage)
             ... on level 9 of the Dungeon.
             The game lasted 00:11:07 (10894 turns).

ytrimaz the Protected (Demonspawn Gladiator)       Turns: 10894, Time: 00:11:08

Health: -8/77      AC: 18    Str: 19    XL:     10   Next: 67%
Magic:  0/14       EV:  7    Int: 16    God:    Yredelemnul [......]
Gold:   41         SH:  0    Dex: 14    Spells: 9/9 levels left

rFire   + . .      SeeInvis .   k - +3 executioner's axe (elec)
rCold   . . .      Faith    .   (shield currently unavailable)
rNeg    . . .      Spirit   +   h - +0 plate armour
rPois   .          Reflect  .   c - +1 helmet
rElec   .          Harm     .   w - +0 cloak {rCorr}
rCorr   +          Rampage  .   (no gloves)
Will    .....                   (no boots)
Stlth   ..........              (no amulet)
HPRegen 0.22/turn               j - ring of protection from fire
MPRegen 0.28/turn               o - +6 ring of intelligence

@: no status effects
A: magic shield, magic regeneration, magic link, weakness stinger 1
a: Renounce Religion, Recall Undead Harvest


You were on level 9 of the Dungeon.
You worshipped Yredelemnul.
Yredelemnul was noncommittal.
You visited 2 branches of the dungeon, and saw 10 of its levels.

You collected 503 gold pieces.
You spent 462 gold pieces at shops.

Inventory:

Hand Weapons
 a - a +1 spectral rapier
 k - a +3 executioner's axe of electrocution (weapon)
 v - a +3 quick blade
Missiles
 d - 3 throwing nets (quivered)
 e - a javelin
Armour
 c - a +1 helmet (worn)
 h - a +0 plate armour (worn)
 w - a +0 cloak of preservation (worn)
Jewellery
 j - a ring of protection from fire (left hand)
 o - a +6 ring of intelligence (right hand)
 p - an amulet of faith
 x - a ring of fire
Wands
 C - a wand of digging (6)
Scrolls
 f - a scroll of magic mapping
 g - 2 scrolls of enchant armour
 l - a scroll of teleportation
 y - a scroll of blinking
 A - 2 scrolls of fear
 B - 2 scrolls of fog
 E - a scroll of identify
Potions
 b - a potion of invisibility
 i - 6 potions of curing
 m - 2 potions of mutation {unknown}
 n - a potion of attraction
 q - a potion of lignification
 r - 2 potions of heal wounds
 s - a potion of flight
 t - a potion of haste
 u - a potion of berserk rage
 z - 2 potions of cancellation {unknown}
 D - a potion of magic {unknown}


   Skills:
 + Level 6.5 Fighting
 - Level 8.6 Short Blades
 * Level 0.4 Axes
 - Level 2.3 Throwing
 * Level 9.8 Armour
 - Level 3.6 Dodging
 * Level 6.1 Invocations


You had 9 spell levels left.
You didn't know any spells.
Your spell library contained the following spells:

 Spells                   Type           Power      Damage    Failure   Level
 Animate Skeleton         Necr           0%         N/A       99%         1
 Apportation              Tloc           0%         N/A       99%         1
 Foxfire                  Conj/Fire      0%         2x1d4     99%         1
 Summon Small Mammal      Summ           0%         N/A       99%         1
 Ensorcelled Hibernation  Hex/Ice        0%         N/A       100%        2
 Conjure Flame            Conj/Fire      0%         6-21      100%        3
 Gell's Gravitas          Tloc           0%         N/A       100%        3
 Inner Flame              Hex/Fire       0%         N/A       100%        3
 Lesser Beckoning         Tloc           0%         N/A       100%        3
 Spider Form              Tmut/Pois      0%         N/A       100%        3
 Teleport Other           Tloc           0%         N/A       100%        3
 Anguish                  Hex/Necr       0%         N/A       100%        4
 Flame Wave               Conj/Fire      0%         2d4       100%        4


Dungeon Overview and Level Annotations

Branches:
Dungeon (9/15)             Temple (1/1) D:5
   Lair: D:8-11         Orc: D:9-12

Altars:
Ashenzari
Cheibriados
Dithmenos
Elyvilon
Fedhas
Hepliaklqana
Kikubaaqudgha
Makhleb
Nemelex Xobeh
Okawaru
Qazlal
Ru
Sif Muna
Trog
Uskayaw
Vehumet
Wu Jian
Xom
Yredelemnul
Zin
The Shining One

Shops:
D:1 =(   D:4 *


Innate Abilities, Weirdness & Mutations

When hurt, damage is shared between your health and your magic reserves.
You regenerate magic rapidly.
When low on magic, you restore magic in place of health.
You have a small tail.


Message History

You completely miss the troll. You tail-slap the troll.
The troll is lightly wounded.
The troll bites you but does no damage. The troll claws you!
The troll claws you but does no damage.
You barely miss the troll.
The troll is lightly wounded.
The troll bites you but does no damage. The troll claws you but does no damage.
The troll closely misses you. The troll bites you! The troll claws you.
The troll claws you but does no damage.
You hit the troll.
You tail-slap the troll, but do no damage.
The troll is lightly wounded.
The troll bites you but does no damage. The troll claws you but does no damage.
The troll claws you! The troll bites you but does no damage.
The troll claws you. The troll claws you!
You barely miss the troll.
You tail-slap the troll, but do no damage.
The troll is lightly wounded.
The troll bites you but does no damage. The troll closely misses you. x2
The troll barely misses you. The troll claws you but does no damage.
The troll claws you!
* * * LOW HITPOINT WARNING * * *
You barely miss the troll. The troll bites you.
* * * LOW HITPOINT WARNING * * *
The troll claws you but does no damage. x2; The troll bites you.
* * * LOW HITPOINT WARNING * * *
The troll claws you but does no damage. The troll claws you!
* * * LOW HITPOINT WARNING * * *
Unknown command.
The troll attacks as you move away! The troll bites you!
* * * LOW HITPOINT WARNING * * *
The troll claws you.
* * * LOW HITPOINT WARNING * * *
The troll claws you.
* * * LOW HITPOINT WARNING * * *
There is a stone staircase leading up here.
Unknown command.
The troll bites you but does no damage. The troll claws you!
You die...
Your body rises from the dead as a mindless zombie.

#.# #.# #.#
#.# ###.###
#.....###.#
###...^.....#
#.......#
#?#...T@#
#..>..#
....|......
######.#####
..# ####


You could see a troll.

Vanquished Creatures
  Gastronok (D:8)
  A two-headed ogre (D:8)
  A troll (D:7)
  Sigmund (D:3)
  A wyvern (D:8)
  4 yaks
  A steam dragon (D:6)
  2 water moccasins
  2 black bears
  An orc warrior (D:8)
  An ice beast (D:7)
  3 ogres
  2 centaurs
  A phantom (D:6)
  2 necrophages
  A bullfrog (D:8)
  3 scorpions
  2 wights (D:6)
  4 jellies
  3 howler monkeys (D:8)
  6 hounds
  5 orc priests
  2 gnoll shamans (D:6)
  4 iguanas
  Crazy Yiuf (D:3)
  Terence (D:3)
  5 orc wizards
  Natasha (thrice) (D:2)
  Robin (D:3)
  6 adders
  12 gnolls
  2 white imps (D:7)
  An ufetubus (D:6)
  3 dart slugs
  25 orcs
  10 endoplasms
  2 giant cockroaches
  12 goblins
  9 hobgoblins
  4 jackals (D:4)
  5 kobolds
  4 quokkas
  6 ball pythons
  3 frilled lizards
  5 rats
  A butterfly (Temple)
175 creatures vanquished.

Vanquished Creatures (collateral kills)
  2 yaks (D:6)
  An orc warrior (D:7)
  A wight (D:6)
  A howler monkey (D:6)
  2 orc priests (D:7)
  A gnoll (D:6)
  6 orcs
14 creatures vanquished.

Vanquished Creatures (others)
  A steam dragon (D:6)
  A water moccasin zombie (D:7)
  A black bear zombie (D:6)
  An ogre zombie (D:6)
  A hound zombie (D:7)
  A spectral jelly (D:6)
  6 orc zombies
  6 gnoll zombies (D:6)
  A spectral ufetubus (D:6)
  5 fungi (D:6)
  7 plants (D:2)
  6 withered plants (D:2)
37 creatures vanquished.

Grand Total: 226 creatures vanquished

Notes
Turn   | Place    | Note
-------+----------+-------------------------------------------
     0 | D:1      | ytrimaz the Demonspawn Gladiator began the quest for the
                  | Orb.
     0 | D:1      | Reached XP level 1. HP: 16/16 MP: 1/1
   134 | D:1      | Found Vevuigg's Weapon Shoppe.
   303 | D:1      | Gained mutation: You have a small tail. [demonic ancestry]
   303 | D:1      | Reached XP level 2. HP: 22/22 MP: 2/2
   662 | D:1      | Found Zakihat's Jewellery Shop.
   807 | D:2      | Noticed Natasha
   816 | D:2      | Noticed a crimson imp
   821 | D:2      | Noticed a crimson imp
   829 | D:2      | Noticed a crimson imp
   989 | D:2      | Noticed a crimson imp
  1173 | D:2      | Killed Natasha
  1174 | D:2      | Reached XP level 3. HP: 18/28 MP: 3/3
  1486 | D:2      | Noticed Natasha
  1492 | D:2      | Killed Natasha
  1493 | D:2      | Reached skill level 1 in Armour
  1493 | D:2      | Reached XP level 4. HP: 25/34 MP: 4/4
  1673 | D:2      | Found a faded altar of an unknown god.
  1678 | D:2      | Noticed Natasha
  1697 | D:2      | Killed Natasha
  1782 | D:2      | Reached skill level 2 in Armour
  2174 | D:3      | Noticed a water moccasin
  2196 | D:3      | Killed a water moccasin
  2197 | D:3      | Gained mutation: You regenerate magic rapidly. [demonic
                  | ancestry]
  2197 | D:3      | Reached XP level 5. HP: 21/41 MP: 5/5
  2347 | D:3      | Noticed Terence
  2355 | D:3      | Killed Terence
  2356 | D:3      | Reached skill level 3 in Armour
  2356 | D:3      | Reached XP level 6. HP: 37/47 MP: 6/6
  2477 | D:3      | Noticed Sigmund
  2481 | D:3      | Noticed Robin
  2497 | D:3      | Killed Sigmund
  2506 | D:3      | Killed Robin
  3021 | D:3      | Reached XP level 7. HP: 45/53 MP: 7/7
  3233 | D:3      | Found a hide-covered altar of Uskayaw.
  3303 | D:3      | Reached skill level 4 in Armour
  3562 | D:3      | Found a runed translucent door.
  3563 | D:3      | Noticed Crazy Yiuf
  3757 | D:3      | Killed Crazy Yiuf
  4110 | D:4      | Reached skill level 5 in Short Blades
  4279 | D:4      | Reached skill level 5 in Armour
  4297 | D:4      | Found Zin's Purification Station.
  4400 | D:4      | Gained mutation: When hurt, damage is shared between your
                  | health and your magic reserves. [demonic ancestry]
  4400 | D:4      | Reached XP level 8. HP: 60/60 MP: 8/8
  4581 | D:4      | Identified a scroll of acquirement
  4582 | D:4      | Acquired a +3 quick blade
  4606 | D:5      | Entered Level 5 of the Dungeon
  4650 | D:5      | Found a staircase to the Ecumenical Temple.
  4655 | Temple   | Entered the Ecumenical Temple
  4811 | Temple   | Became a worshipper of Yredelemnul the Dark
  4975 | D:5      | Reached * piety under Yredelemnul
  5149 | D:5      | Reached skill level 6 in Armour
  5283 | D:5      | Reached ** piety under Yredelemnul
  5691 | D:6      | Reached skill level 1 in Invocations
  5954 | D:6      | Gained mutation: When low on magic, you restore magic in
                  | place of health. [demonic ancestry]
  5954 | D:6      | Reached XP level 9. HP: 45/67 MP: 6/10
  5956 | D:6      | Reached skill level 5 in Fighting
  6191 | D:6      | Reached skill level 7 in Armour
  6646 | D:6      | Reached *** piety under Yredelemnul
  7294 | D:7      | Reached skill level 8 in Armour
  7325 | D:7      | Noticed a troll
  7334 | D:7      | Killed a troll
  7659 | D:7      | Reached XP level 10. HP: 52/76 MP: 13/13
  7881 | D:7      | Found a burning altar of Makhleb.
  7881 | D:7      | Noticed a balrug
  8198 | D:7      | Found a radiant altar of Vehumet.
  8617 | D:8      | Reached skill level 9 in Armour
  8943 | D:8      | Noticed a two-headed ogre
  9252 | D:8      | Killed a two-headed ogre
  9253 | D:8      | Reached skill level 5 in Invocations
  9543 | D:8      | Noticed Gastronok
  9603 | D:8      | Killed Gastronok
  9965 | D:8      | Noticed a manticore
  9966 | D:8      | Noticed a two-headed ogre
  9968 | D:8      | Noticed a red ugly thing
  9968 | D:8      | Noticed a cyclops
  9969 | D:8      | Noticed a catoblepas
 10147 | D:1      | Bought a +3 executioner's axe of electrocution for 462 gold
                  | pieces
 10862 | D:8      | Noticed a deep troll
 10893 | D:9      | HP: 3/77 [troll (1)]
 10894 | D:9      | Mangled by a troll

Illustrated notes

Levels and vault maps discovered:
D:1:      wander_arrival_fairy_ring, layout_rooms, serial_shops,
          nicolae_shop_bloodbath_and_beyond, shop
D:2:      layout_rooms, shapermc_ecumenical_altar_flowoftime, uniq_natasha
D:3:      layout_basic, nicolae_overflow_crystal_walls, uniq_robin,
          uniq_terence, uniq_sigmund, uniq_crazy_yiuf_cottage
D:4:      nicolae_cairo_tiling_large, layout_rooms, zin_purify
D:5:      layout_basic, minmay_temple_entry_butterflies
D:6:      kennysheep_steamy, layout_basic, serial_rivers,
          chequers_serial_rivers_room_b, chequers_serial_rivers_micro_e,
          chequers_serial_rivers_room_a, chequers_serial_rivers_room_b,
          hangedman_abyss_or_decor_stabs
D:7:      layout_cave_pods, makhleb_altar_promises_db,
          mainiacjoe_overflow_catch_the_wave
D:8:      layout_loops_corners, minmay_misc_feat_encased, minivault_12,
          uniq_gastronok
D:9:      minmay_flawed_box, layout_loops_ring,
          nicolae_gozag_cash_rules_everything_around_me, lair_entry_dummy,
          serial_shops, shop_coins
Temple:   eino_temple_rhombus

Skill      XL: |  1  2  3  4  5  6  7  8  9 10 |
---------------+-------------------------------+-----
Dodging        | 3 |  3.6
Throwing       | 2 |  2.3
Armour         | 1 2 3 5 6 8 9 |  9.8
Fighting       | 3 4 5 6 |  6.5
Short Blades   | 3 4 5 6 7 8 |  8.6
Invocations    | 2 4 6 |  6.1
Axes           | |  0.4

Action                   |  1- 3 |  4- 6 |  7- 9 | 10-12 || total
-------------------------+-------+-------+-------+-------++-------
Melee: Rapier            |    83 |    91 |   268 |   152 ||   594
       Tailslap          |     5 |     8 |    54 |    26 ||    93
       Punch             |     2 |     2 |     4 |     5 ||    13
       Executioner's axe |       |       |       |    18 ||    18
Invok: Dark Bargain      |       |       |       |     1 ||     1
  Use: Scroll            |     5 |     4 |     7 |     1 ||    17
       Potion            |     1 |     2 |       |     6 ||     9
 Stab: Distracted        |       |       |     2 |     1 ||     3
Armor: Plate armour      |    80 |   110 |   214 |    77 ||   481
       Skin              |       |       |       |     2 ||     2
Dodge: Dodged            |    27 |    42 |   112 |    32 ||   213

Table legend: (Time is in decaauts)
 A = Elapsed time spent in this place.
 B = Non-inter-level travel time spent in this place.
 C = Inter-level travel time spent in this place.
 D = Time resting spent in this place.
 E = Time spent auto-exploring this place.
 F = Levels seen in this place.
 G = Mean time per level.
                   A        B        C        D        E       F      G
               +--------+--------+--------+--------+--------+-----+--------+
         Total |  10922 |  10461 |    461 |   1594 |   7201 |  10 | 1092.2 |
       Dungeon |  10755 |  10311 |    444 |   1594 |   7070 |   9 | 1195.0 |
        Temple |    166 |    149 |     17 |      0 |    131 |   1 |  166.0 |
               +--------+--------+--------+--------+--------+-----+--------+

Top non-repeatable levels by time:
     D:8: 1770 daAuts
     D:6: 1716 daAuts
     D:7: 1586 daAuts
     D:3: 1563 daAuts
     D:1: 1304 daAuts
     D:2: 1098 daAuts
     D:5: 863 daAuts
     D:4: 837 daAuts
  Temple: 166 daAuts
     D:9: 14 daAuts
